 Dungeon Crawl Stone Soup version 0.31-a0-408-gb642c7f9a3 (webtiles) character file.

Game seed: 23781541332245222

21125 shakesphere1979 the Thaumaturge (level 12, -3/96 (97) HPs)
             Began as a Demigod Earth Elementalist on July 29, 2023.
             Slain by a hell rat (5 damage)
             ... on level 3 of the Lair of Beasts.
             The game lasted 01:12:56 (15918 turns).

shakesphere1979 the Thaumaturge (DgEE)             Turns: 15918, Time: 01:12:57

HP:   -3/96 (97)    AC:  8    Str:  9    XL:     12   Next: 21%
MP:   6/29          EV: 19    Int: 33    God:
Gold: 500           SH:  0    Dex: 14    Spells: 8/29 levels left

rFire   . . .        w - staff of earth
rCold   . . .        (no shield)
rNeg    + . .        K - +2 robe {rN+}
rPois   .            (no helmet)
rElec   .            H - +0 cloak
rCorr   .            v - +1 pair of gloves
SInv    .            y - +0 pair of boots
Will    ++...        (no amulet)
Stlth   ++           h - +5 ring of evasion
HPRegen 0.36/turn    p - ring of willpower
MPRegen 0.21/turn

%: no passive effects
@: frozen, lightly drained, very slow
A: high MP 1, forlorn, divine attributes
a: no special abilities


You were on level 3 of the Lair of Beasts.
You visited 2 branches of the dungeon, and saw 12 of its levels.

You collected 500 gold pieces.

Inventory:

Hand Weapons
 i - a +0 sling
 j - a +0 dagger of venom
 k - a +0 triple sword of freezing
 o - a +0 short sword of electrocution
 r - a +0 battleaxe
 D - a +3 heavy battleaxe
 T - the +5 dagger "Beetlebane" {pain, Will+ Dex+4}
   (You found it on level 3 of the Lair of Beasts)

   Dex:       It affects your dexterity (+4).
   Will:      It increases your willpower.
Missiles
 e - 11 poisoned darts (quivered)
 f - 81 stones
 F - 3 atropa-tipped darts
 N - 5 curare-tipped darts
Armour
 v - a +1 pair of gloves (worn)
 y - a +0 pair of boots (worn)
 H - a +0 cloak (worn)
 K - a +2 robe of positive energy (worn)
Magical Staves
 w - a staff of earth (weapon)
Jewellery
 h - a +5 ring of evasion (left hand)
 p - a ring of willpower (right hand)
 z - a ring of positive energy
 B - a ring of positive energy
 C - a ring of ice
 O - a ring of willpower
Wands
 a - a wand of mindburst (18)
 x - a wand of acid (3)
 I - a wand of paralysis (9)
 M - a wand of polymorph (4)
 R - a wand of digging (4)
Scrolls
 E - 2 scrolls of enchant armour
 P - a scroll of amnesia {unknown}
 Q - a scroll of enchant weapon {unknown}
 S - 4 scrolls of identify
Potions
 b - 2 potions of magic
 c - a potion of cancellation {unknown}
 d - a potion of mutation {unknown}
 g - 8 potions of curing
 l - 2 potions of ambrosia {unknown}
 m - a potion of lignification {unknown}
 n - 4 potions of haste
 q - a potion of attraction
 s - 4 potions of heal wounds
 t - 2 potions of brilliance
 u - 7 potions of might
 A - 3 potions of enlightenment
 G - a potion of resistance {unknown}


   Skills:
 - Level 6.9 Fighting
 - Level 3.1 Throwing
 - Level 3.0 Armour
 - Level 5.9 Dodging
 - Level 3.0 Stealth
 - Level 9.0 Spellcasting
 + Level 7.4 Conjurations
 + Level 4.3 Summonings
 - Level 5.6 Transmutations
 - Level 4.0 Ice Magic
 - Level 5.1 Earth Magic
 + Level 5.3 Evocations


You had 8 spell levels left.
You knew the following spells:

 Your Spells              Type           Power      Damage    Failure   Level
a - Sandblast             Erth           100%       2d20      1%          1
b - Passwall              Tmut/Erth      55%        N/A       1%          2
c - Stone Arrow           Conj/Erth      100%       3d13      1%          3
d - Ozocubu's Armour      Ice            41%        N/A       1%          3
e - Irradiate             Conj/Tmut      27%        3d20      6%          5
f - Spellforged Servitor  Conj/Summ      26%        N/A       94%         7

Your spell library contained the following spells:

 Spells                   Type           Power      Damage    Failure   Level
 Magic Dart               Conj           100%       1d8       1%          1
 Searing Ray              Conj           100%       2d8       1%          2
 Wereblood                Tmut           51%        N/A       1%          2
 Dazzling Flash           Conj/Hex       78%        N/A       1%          3
 Necrotise                Necr           56%        1d6       3%          1
 Summon Guardian Golem    Hex/Summ       29%        N/A       3%          3
 Petrify                  Tmut/Erth      66%        N/A       3%          4
 Fulminant Prism          Conj/Hex       19%        3d10      7%          4
 Vampiric Draining        Necr           14%        2d7       10%         3
 Metabolic Englaciation   Hex/Ice        14%        N/A       36%         5
 Agony                    Necr           14%        N/A       65%         5
 Silence                  Hex/Air        7%         N/A       65%         5
 Orb of Destruction       Conj           29%        9d9       77%         7
 Simulacrum               Ice/Necr       14%        N/A       91%         6


Dungeon Overview and Level Annotations

Branches:
Dungeon (9/15)             Temple (0/1) D:7            Lair (3/5) D:9
 Shoals (0/4) Lair:3       Spider (0/4) Lair:2
    Orc: D:9-12

Shops:
D:2 :   D:9 **

Annotations:
D:4 1 runed translucent door, bahustanut's ghost, amateur OpSh
D:8 3 runed translucent doors, quinnr's ghost, novice TeAE
Lair:2 2 runed translucent doors, Newt's ghost, journeyman MfFi


Innate Abilities, Weirdness & Mutations

You have an increased reservoir of magic. (+10% MP)
You shall have no god before yourself.
Your divine heritage dramatically boosts your attributes as you level up.


Message History

Press: ? - help, Shift-Dir - straight line, f/p - death yak
Aim: a death yak (severely wounded, 95% to hit)
You feel a surge of power!
The blast of sand hits the death yak but does no damage.
The death yak is severely wounded.
The death yak completely misses you. The death yak barely misses you. x2
The death yak gores you!!
* * * LOW HITPOINT WARNING * * *
Your icy armour will break if you move.
Continue?
Your icy armour cracks and falls away as you move.
The death yak attacks as you move away! The death yak completely misses you.
The death yak attacks as you move away! The death yak closely misses you.
The death yak attacks as you move away! The death yak gores you.
* * * LOW HITPOINT WARNING * * *
As you read the scroll of teleportation, it crumbles to dust.
You feel strangely unstable. The death yak gores you.
* * * LOW HITPOINT WARNING * * *
The death yak attacks as you move away! The death yak completely misses you.
The death yak snorts and paws the ground.
The death yak attacks as you move away! The death yak barely misses you.
The death yak attacks as you move away! The death yak barely misses you.
Your surroundings suddenly seem different.
The rime drake hisses angrily.
The rime drake breathes ice at you. The icy flash freeze misses you.
You hear an angry hiss. x2
Blink to where?
Press: ? - help, Dir - move target
As you read the scroll of blinking, it crumbles to dust.
The rime drake breathes ice at you. The icy flash freeze hits you!
* * * LOW HITPOINT WARNING * * *
You are encased in ice.
The hell rat bites you.
* * * LOW HITPOINT WARNING * * *
You partially resist.
You feel drained.
The wyvern hisses angrily.
Your magical contamination has completely faded away.
The hell rat bites you.
You die...

..............P......#.#P........
........_.......k................
....................##.P.##......
........................###......
...............^.........##......
.........[..l.........D.l........
...................######........
...................#.rkr.........
...............r@..#lrrl#........
...................#llll###......
................k..#.lk #......
............P#.....#... ##.....
............####...########.#....
..##....######.......#.##.......
###..###.###................. .
#..##...................... ..
###..###..........P##.#......


You could see 2 rime drakes, a wyvern and a hell rat.

Vanquished Creatures
  Rupert (Lair:3)
  Erica (D:8)
  A death yak (Lair:3)
  Urug (Lair:2)
  Pikel (D:7)
  5 cane toads
  An unseen horror zombie (D:8)
  4 black mambas
  A rime drake (Lair:3)
  A gargoyle (D:9)
  6 komodo dragons
  Prince Ribbit (D:7)
  A snapping turtle (Lair:3)
  A jumping spider (Lair:2)
  A vampire (D:7)
  33 yaks
  3 redbacks (Lair:2)
  4 basilisks
  2 wargs (D:9)
  6 water moccasins
  A hell hound (Lair:2)
  An ice beast (D:6)
  4 orc warriors
  2 black bears
  A hornet zombie (D:8)
  An ogre (D:5)
  4 centaurs (D:8)
  13 wolves (Lair:2)
  A lemure (D:7)
  A phantom (D:4)
  Blork the orc (D:6)
  A kobold brigand (D:7)
  A wyvern zombie (D:8)
  9 bullfrogs
  2 gnoll sergeants
  3 scorpions
  3 wights (D:8)
  3 howler monkeys
  An electric eel (Lair:3)
  A human zombie (D:8)
  3 centaur zombies (D:8)
  13 orc priests
  6 hounds
  2 jellies
  5 iguanas
  A sleepcap (D:7)
  Ijyb (D:4)
  10 orc wizards
  A killer bee zombie (D:8)
  A mummy (D:8)
  6 gnolls
  9 adders
  3 shadow imps
  4 white imps
  A worm (D:5)
  5 dart slugs
  35 orcs
  9 ball pythons
  3 bats
  12 endoplasms
  2 giant cockroaches (D:1)
  5 goblins
  7 hobgoblins
  12 kobolds
  5 quokkas
  3 frilled lizards (D:1)
  5 rats
298 creatures vanquished.

Vanquished Creatures (collateral kills)
  3 yaks (D:9)
3 creatures vanquished.

Grand Total: 301 creatures vanquished

Notes
Turn   | Place    | Note
-------+----------+-------------------------------------------
     0 | D:1      | shakesphere1979 the Demigod Earth Elementalist began the
                  | quest for the Orb.
     0 | D:1      | Reached XP level 1. HP: 14/14 MP: 5/5
   232 | D:1      | Reached skill level 2 in Spellcasting
   326 | D:1      | Reached XP level 2. HP: 20/20 MP: 5/7
  1383 | D:2      | Reached XP level 3. HP: 26/26 MP: 7/9
  1599 | D:2      | Found Golih's Book Shop.
  2430 | D:3      | Reached XP level 4. HP: 18/33 MP: 5/10
  3284 | D:4      | Reached skill level 3 in Spellcasting
  3284 | D:4      | Reached XP level 5. HP: 13/38 MP: 8/12
  3423 | D:4      | Learned a level 2 spell: Passwall
  3680 | D:4      | Reached XP level 6. HP: 33/45 MP: 8/14
  3761 | D:4      | You fall into a shaft and drop 1 floor!
  3761 | D:5      | Entered Level 5 of the Dungeon
  3872 | D:4      | Noticed bahustanut's ghost (amateur OpSh)
  3874 | D:4      | Found a runed translucent door.
  3993 | D:4      | Noticed Ijyb
  3995 | D:4      | Killed Ijyb
  4584 | D:5      | Reached skill level 1 in Fighting
  4627 | D:5      | Reached skill level 4 in Spellcasting
  4724 | D:5      | Learned a level 3 spell: Stone Arrow
  4774 | D:5      | Reached XP level 7. HP: 53/53 MP: 13/16
  5131 | D:6      | Reached skill level 1 in Conjurations
  5359 | D:6      | Learned a level 3 spell: Ozocubu's Armour
  5749 | D:6      | Reached skill level 1 in Ice Magic
  5749 | D:6      | Reached skill level 5 in Earth Magic
  5999 | D:6      | Reached XP level 8. HP: 63/63 MP: 15/18
  6090 | D:6      | Noticed Blork the orc
  6094 | D:6      | Killed Blork the orc
  6244 | D:7      | Reached skill level 5 in Spellcasting
  6335 | D:7      | Found a staircase to the Ecumenical Temple.
  6785 | D:7      | Noticed Prince Ribbit
  6796 | D:7      | Killed Prince Ribbit
  6900 | D:7      | Noticed Pikel
  6918 | D:7      | Killed Pikel
  6919 | D:7      | Reached skill level 6 in Spellcasting
  6919 | D:7      | Reached XP level 9. HP: 62/69 MP: 5/21
  7373 | D:7      | Reached skill level 1 in Evocations
  8242 | D:8      | Found a runed translucent gate.
  8249 | D:8      | Found a runed translucent gate.
  8249 | D:8      | Found a runed translucent gate.
  8273 | D:8      | Noticed quinnr's ghost (novice TeAE)
  8303 | D:8      | Noticed Erica
  8306 | D:8      | Killed Erica
  8501 | D:8      | Reached skill level 7 in Spellcasting
  8716 | D:8      | Reached skill level 5 in Fighting
  9572 | D:8      | Reached skill level 1 in Throwing
  9572 | D:8      | Reached skill level 1 in Armour
  9572 | D:8      | Reached XP level 10. HP: 80/81 MP: 11/24
 10176 | D:9      | Found a staircase to the Lair.
 10186 | D:9      | Reached skill level 5 in Evocations
 10439 | D:9      | Learned a level 5 spell: Irradiate
 10490 | D:9      | Reached skill level 1 in Transmutations
 10553 | D:9      | Found Uxiof's Assorted Antiques.
 10621 | D:9      | Found Nuexat's Lightly-Used Armoury.
 10901 | D:9      | Reached skill level 5 in Conjurations
 11067 | Lair:1   | Entered Level 1 of the Lair of Beasts
 11498 | Lair:1   | Reached skill level 8 in Spellcasting
 11661 | Lair:1   | Reached XP level 11. HP: 88/88 MP: 17/27
 12763 | Lair:1   | Reached skill level 5 in Transmutations
 13059 | Lair:2   | Reached skill level 9 in Spellcasting
 13199 | Lair:2   | Found a large runed translucent door.
 13199 | Lair:2   | Found a large runed translucent door.
 13208 | Lair:2   | Learned a level 7 spell: Spellforged Servitor
 13212 | Lair:2   | Noticed Newt's ghost (journeyman MfFi)
 13265 | Lair:2   | Reached skill level 1 in Summonings
 13359 | Lair:2   | Found a hole to the Spider Nest.
 13943 | Lair:2   | Noticed Urug
 14352 | Lair:2   | Killed Urug
 14353 | Lair:2   | Reached skill level 5 in Dodging
 14576 | Lair:3   | Noticed Rupert
 14587 | Lair:3   | Killed Rupert
 14588 | Lair:3   | Reached XP level 12. HP: 48/97 MP: 7/29
 15214 | Lair:3   | Identified the +5 dagger "Beetlebane" {pain, Will+ Dex+4}
 15542 | Lair:3   | Found a staircase to the Shoals.
 15677 | Lair:3   | Noticed a seven-headed hydra
 15917 | Lair:3   | HP: 2/97 [hell rat (6)]
 15918 | Lair:3   | Slain by a hell rat

Illustrated notes

Levels and vault maps discovered:
D:1:      grunt_arrival_crossed_arrows, layout_basic, hex_tiny
D:2:      kennysheep_big_flooded_room, layout_loops_ring,
          basic_ecumenical_altar, serial_shops, shop
D:3:      layout_basic
D:4:      layout_loops_ring, kennysheep_mini_moat,
          hellmonk_ghost_happy_afterlife, minmay_strange_pillars, fountainhead,
          uniq_ijyb
D:5:      layout_basic, nicolae_overflow_crystal_walls, zin_statuary
D:6:      layout_loops_corners, minmay_misc_feat_plants, uniq_blork_the_orc
D:7:      nicolae_cairo_tiling, layout_basic,
          mainiacjoe_overflow_small_starburst, uniq_pikel, uniq_prince_ribbit1
D:8:      layout_basic, lemuel_mausoleum_altar_yredelemnul, gammafunk_ghost_icy,
          uniq_erica
D:9:      layout_irregular_city, erik_lair_orcish_takeover, serial_shops,
          nicolae_shop_overgrown_old_shop, minmay_shop_damaged
Lair:1:   layout_regular_city, serial_bayou_shore_a, grunt_megastairs_4
Lair:2:   layout_chaotic_city, spider_nest_entry_a, ebering_ghost_disaster_area,
          infiniplex_staircase_pool_2, grunt_megastairs_3, uniq_urug
Lair:3:   layout_gridlike, minmay_shoals_entry_hut, special_room
          [special_room_mythical_zoo], basic_altar, uniq_rupert

Skill      XL: |  1  2  3  4  5  6  7  8  9 10 11 12 |
---------------+-------------------------------------+-----
Stealth        | 2 3 |  3.0
Dodging        | 2 3 4 5 |  5.9
Spellcasting   | 2 3 4 6 7 8 9 |  9.0
Earth Magic    | 3 4 5 |  5.1
Fighting       | 1 3 5 6 |  6.9
Conjurations   | 2 4 5 7 |  7.4
Ice Magic      | 1 3 4 |  4.0
Evocations     | 4 5 |  5.3
Throwing       | 1 3 |  3.1
Armour         | 1 3 |  3.0
Transmutations | 3 5 |  5.6
Summonings     | 3 4 |  4.3

Action                     |  1- 3 |  4- 6 |  7- 9 | 10-12 || total
---------------------------+-------+-------+-------+-------++-------
  Melee: Dagger            |     1 |       |       |       ||     1
         Triple sword      |    28 |    36 |       |       ||    64
         Staff             |       |       |     1 |    14 ||    15
         Punch             |       |       |       |     2 ||     2
  Throw: Dart              |       |       |       |     6 ||     6
   Cast: Sandblast         |    57 |    63 |    97 |   113 ||   330
         Stone Arrow       |       |       |    75 |   147 ||   222
         Ozocubu's Armour  |       |       |     1 |     4 ||     5
         Irradiate         |       |       |       |     3 ||     3
  Evoke: Wand              |       |       |       |    18 ||    18
    Use: Scroll            |       |     3 |     9 |    10 ||    22
         Potion            |       |       |       |     1 ||     1
   Stab: Sleeping          |     2 |     1 |       |       ||     3
         Distracted        |       |       |       |     1 ||     1
 Armour: Robe              |     9 |    13 |    11 |    35 ||    68
  Dodge: Dodged            |    62 |    73 |    54 |   132 ||   321

Table legend: (Time is in decaauts)
 A = Elapsed time spent in this place.
 B = Non-inter-level travel time spent in this place.
 C = Inter-level travel time spent in this place.
 D = Time resting spent in this place.
 E = Time spent auto-exploring this place.
 F = Levels seen in this place.
 G = Mean time per level.
                   A        B        C        D        E       F      G
               +--------+--------+--------+--------+--------+-----+--------+
         Total |  16154 |  15955 |    199 |      0 |  12611 |  12 | 1346.2 |
       Dungeon |  11437 |  11263 |    174 |      0 |   9217 |   9 | 1270.8 |
          Lair |   4717 |   4692 |     25 |      0 |   3393 |   3 | 1572.3 |
               +--------+--------+--------+--------+--------+-----+--------+

Top non-repeatable levels by time:
     D:8: 2028 daAuts
  Lair:1: 1854 daAuts
  Lair:2: 1835 daAuts
     D:7: 1569 daAuts
     D:9: 1386 daAuts
     D:6: 1249 daAuts
     D:1: 1195 daAuts
     D:4: 1182 daAuts
     D:3: 1095 daAuts
     D:2: 1047 daAuts
  Lair:3: 1027 daAuts
     D:5: 684 daAuts
